 Dungeon Crawl Stone Soup version 0.29.0-4-gdea44cf6ec (webtiles) character file.

Game seed: 4041266914592707496

72 qw the Chopper (level 4, -3/26 HPs)
             Began as a Tengu Warper on Aug 28, 2022.
             Slain by an iguana (5 damage)
             ... on level 3 of the Dungeon.
             The game lasted 00:00:07 (1379 turns).

qw the Chopper (Tengu Warper)                       Turns: 1379, Time: 00:00:07

Health: -3/26      AC:  7    Str: 13    XL:     4   Next: 25%
Magic:  8/8        EV: 11    Int: 14    God:
Gold:   1          SH:  4    Dex: 13    Spells: 7/7 levels left

rFire   . . .      SeeInvis .   Y - +0 hand axe
rCold   . . .      Faith    .   e - +0 buckler
rNeg    . . .      Spirit   .   b - +0 leather armour
rPois   .          Reflect  .   (helmet restricted)
rElec   .          Harm     .   (no cloak)
rCorr   .          Rampage  .   (no gloves)
Will    .....                   (boots unavailable)
Stlth   +.........              (no amulet)
HPRegen 0.08/turn               j - +4 ring of protection
MPRegen 0.11/turn               (no ring)

@: no status effects
A: beak, talons 3
a: no special abilities


You were on level 3 of the Dungeon.
You visited 1 branch of the dungeon, and saw 3 of its levels.

You collected 54 gold pieces.
You spent 53 gold pieces at shops.


Innate Abilities, Weirdness & Mutations

You have a beak for a mouth.
You have claws for feet.


   Skills:
 - Level 2.0 Fighting
 + Level 4.4 Axes
 - Level 1.0 Throwing
 - Level 1.1 Armour
 - Level 2.1 Dodging
 - Level 1.3 Shields
 - Level 2.0 Spellcasting
 - Level 2.4 Translocations


You had 7 spell levels left.
You didn't know any spells.
Your spell library contained the following spells:

 Spells                   Type           Power      Damage    Failure   Level
 Blink                    Tloc           16%        N/A       24%         2
 Gell's Gravitas          Tloc           8%         N/A       43%         3
 Lesser Beckoning         Tloc           8%         N/A       43%         3
 Teleport Other           Tloc           8%         N/A       43%         3
 Manifold Assault         Tloc           8%         N/A       99%         5

Inventory:

Hand Weapons
 a - a +0 whip
 Y - a +0 hand axe (weapon)
Missiles
 d - 3 boomerangs of dispersal
 i - 4 javelins (quivered)
Armour
 b - a +0 leather armour (worn)
 e - a +0 buckler (worn)
Jewellery
 j - a +4 ring of protection (left hand)
 l - a ring of protection from fire
Scrolls
 h - a scroll of enchant weapon {unknown}
 k - a scroll of noise {unknown}
 m - a scroll of immolation {unknown}
Potions
 c - a potion of berserk rage {unknown}
 f - a potion of haste {unknown}
 g - 2 potions of curing

Dungeon Overview and Level Annotations

Branches:
Dungeon (2/15)

Altars:

Shops:
D:2 *


Message History

The worm is almost dead.
The worm misses you.
You hit the worm.
You kill the worm!
i - 4 javelins (gained 1)
An iguana comes into view.
A hobgoblin comes into view.
The hobgoblin shouts!
The iguana hisses angrily.
You hear an angry hiss.
The iguana bites you!
The dart slug bites you but does no damage.
You hit the iguana but do no damage. You peck the iguana.
The iguana is lightly wounded.
You hit the dart slug. The iguana bites you! You block the dart slug's attack.
You hit the dart slug.
The dart slug is almost dead.
You hit the iguana.
The iguana hisses menacingly.
The iguana bites you.
A ball python comes into view.
The dart slug bites you but does no damage.
You slash the dart slug!
You kill the dart slug!
You hit the iguana but do no damage. You closely miss the hobgoblin.
The hobgoblin hits you but does no damage.
The iguana barely misses you. The iguana misses you.
The hobgoblin completely misses you.
You hit the iguana but do no damage.
The iguana is moderately wounded.
You hit the hobgoblin. The iguana barely misses you.
The hobgoblin barely misses you.
You hit the hobgoblin.
You kill the hobgoblin!
You hit the iguana. The iguana bites you.
You closely miss the iguana. Your kick misses the iguana.
Your peck misses the iguana.
The iguana is heavily wounded.
The iguana bites you.
You die...

.........##.......##.#
.........###......<>.#
#.##..##.# #.........#
.... #.# ##........#
..##....# #........#
.. #... #........#
#...####.#####.##
............##..#
#....S.@.....##.#
......l.......#.#
.............:...#
.................#
.................#
..............####
#............##
##............ #####


You could see an iguana and a ball python.

Vanquished Creatures
  Natasha (D:2)
  An adder (D:2)
  A worm (D:3)
  3 dart slugs
  2 endoplasms
  2 giant cockroaches
  2 goblins (D:2)
  4 hobgoblins
  2 quokkas
  2 ball pythons
  5 bats
  2 frilled lizards (D:1)
  2 kobolds
  2 rats
31 creatures vanquished.

Notes
Turn   | Place    | Note
-------+----------+-------------------------------------------
     0 | D:1      | qw the Tengu Warper began the quest for the Orb.
     0 | D:1      | Reached XP level 1. HP: 12/12 MP: 4/4
     0 | D:1      | 0 ||| qw: Version: 0.1-a-89-g26bdef1
     0 | D:1      | 0 ||| qw: Game counter: 3071
     0 | D:1      | 0 ||| qw: Always use a shield: true
     0 | D:1      | 0 ||| qw: God list: Okawaru
     0 | D:1      | 0 ||| qw: Allow faded altars: false
     0 | D:1      | 0 ||| qw: Do Orc after D:15 true
     0 | D:1      | 0 ||| qw: Do second Lair branch before Depths: true
     0 | D:1      | 0 ||| qw: Lair rune preference: random
     0 | D:1      | 0 ||| qw: Plans: Normal
     0 | D:1      | 0 ||| PLANNING D:1-11
   161 | D:1      | Reached XP level 2. HP: 13/17 MP: 6/6
   251 | D:1      | Reached skill level 3 in Axes
   773 | D:1      | 773 ||| UPGRADING to +0 buckler.
   778 | D:1      | 778 ||| UPGRADING to +4 ring of protection.
   779 | D:1      | 779 ||| READING scroll labelled YLONIRH LEILL.
   784 | D:1      | 784 ||| READING scroll labelled CYNYSU ISINAXU.
   785 | D:1      | 785 ||| DRINKING 2 fizzy green potions.
   786 | D:1      | 786 ||| DROPPING scroll of blinking.
   793 | D:2      | Found Toptyinkoig's Assorted Antiques.
   798 | D:2      | 798 ||| STAIRDANCE
   811 | D:2      | Reached skill level 1 in Shields
   811 | D:2      | Reached XP level 3. HP: 17/21 MP: 7/7
   811 | D:2      | 811 ||| STAIRDANCE
   874 | D:2      | 874 ||| BUYING coppery potion (17 gold).
   874 | D:2      | Bought a coppery potion for 17 gold pieces
   874 | D:2      | 874 ||| BUYING fuming orange potion (17 gold).
   874 | D:2      | Bought a fuming orange potion for 17 gold pieces
   874 | D:2      | 874 ||| BUYING scroll labelled FARURU EMAOSM (19 gold).
   874 | D:2      | Bought a scroll labelled FARURU EMAOSM for 19 gold pieces
   874 | D:2      | 874 ||| SHOPLISTING scroll labelled NOKAPI ORACHU (19 gold,
                  | have 1).
   874 | D:2      | 874 ||| SHOPLISTING scroll of identify (38 gold, have 1).
   874 | D:2      | 874 ||| SHOPLISTING smoky sapphire potion (17 gold, have
                  | 1).
   874 | D:2      | 874 ||| SHOPLISTING war axe (66 gold, have 1).
   882 | D:2      | Noticed Natasha
   888 | D:2      | Killed Natasha
   889 | D:2      | Reached skill level 4 in Axes
   896 | D:2      | Reached XP level 4. HP: 12/26 MP: 8/8
  1090 | D:2      | You fall into a shaft and drop 1 floor!
  1105 | D:3      | 1105 ||| Stepping ~*~*~tactically~*~*~ (hiding).
  1114 | D:3      | 1114 ||| Stepping ~*~*~tactically~*~*~ (stealth).
  1117 | D:3      | 1117 ||| Stepping ~*~*~tactically~*~*~ (hiding).
  1119 | D:3      | 1119 ||| Stepping ~*~*~tactically~*~*~ (stealth).
  1150 | D:3      | 1150 ||| Stepping ~*~*~tactically~*~*~ (stealth).
  1152 | D:3      | 1152 ||| Stepping ~*~*~tactically~*~*~ (stealth).
  1155 | D:3      | 1155 ||| Stepping ~*~*~tactically~*~*~ (hiding).
  1260 | D:3      | 1260 ||| Stepping ~*~*~tactically~*~*~ (hiding).
  1346 | D:3      | 1346 ||| Stepping ~*~*~tactically~*~*~ (stealth).
  1347 | D:3      | 1347 ||| Stepping ~*~*~tactically~*~*~ (hiding).
  1375 | D:3      | HP: 6/26 [iguana (4)]
  1378 | D:3      | HP: 2/26 [iguana (5)]
  1379 | D:3      | Slain by an iguana

Levels and vault maps discovered:
D:1:      evilmike_arrival_plus, layout_basic
D:2:      layout_rooms, serial_shops, shop_coins, shop, nicolae_square_shop,
          nicolae_shop_waterfront, shop_fountains,
          wander_ebering_terrifying_dragon_lair, uniq_natasha,
          uniq_crazy_yiuf_cottage
D:3:      layout_rooms, chei_slow_surprise, kennysheep_donut, uniq_ijyb,
          uniq_robin

Skill      XL: |  1  2  3 |
---------------+----------+-----
Axes           | 3 4 |  4.4
Shields        | 1 |  1.3
Fighting       | |  2.0
Throwing       | |  1.0
Armour         | |  1.1
Dodging        | |  2.1
Spellcasting   | |  2.0
Translocations | |  2.4

Action                   |  1- 3 |  4- 6 || total
-------------------------+-------+-------++-------
Melee: Hand axe          |    47 |    18 ||    65
       Peck              |     7 |     4 ||    11
       Kick              |     8 |     3 ||    11
       Punch             |     1 |       ||     1
Throw: Boomerang         |     4 |       ||     4
       Javelin           |    10 |     2 ||    12
  Use: Scroll            |     2 |       ||     2
       Potion            |     1 |       ||     1
Armor: Leather armour    |    26 |     5 ||    31
Dodge: Dodged            |    35 |    10 ||    45
Block: Buckler           |     9 |     4 ||    13

Table legend:
 A = Non-vault XP
 B = Vault XP
 C = Vault XP percentage of total XP
 D = Non-vault monster count
 E = Vault monster count
 F = Vault count percentage of total count
                 A         B        C        D         E       F
            +---------+---------+-------+---------+---------+-------
      Total |      70 |      33 |  32.0 |      30 |       1 |   3.2
            +---------+---------+-------+---------+---------+-------
        D:1 |      25 |       0 |   0.0 |      15 |       0 |   0.0
        D:2 |      28 |      33 |  54.1 |      10 |       1 |   9.1
        D:3 |      17 |       0 |   0.0 |       5 |       0 |   0.0
            +---------+---------+-------+---------+---------+-------
